Harfangs vs Ice Dragons
Created - 13 octobre 2015 at 19:00
Goals
|
| Harfangs |
1 |
1 |
1 |
3 |
| Ice Dragons |
1 |
0 |
4 |
5 |
|
Shots
|
| Harfangs |
16 |
11 |
9 |
36 |
| Ice Dragons |
8 |
4 |
24 |
36 |
|
1st period
1. Ice Dragons , Cal Clutterbuck 1 (Patrick O'Sullivan, Oskar Osala) at 14:00
2. Harfangs , Craig Smith 3 (Peter Olvecky, Emerson Etem) at 15:30
Penalties :
Cal Clutterbuck (Kin) for Elbowing (Minor) at 2:50, Brandon Kozun (Kin) for Roughing (Minor) at 17:41
2nd period
3. Harfangs , Kyle Palmieri 1 (Alexandre Picard, Petri Kontiola) at 15:40
Penalties :
Peter Olvecky (BEA) for Roughing (Minor) at 3:50, Cal Clutterbuck (Kin) for Interference (Minor) at 17:39
3rd period
4. Ice Dragons , Petr Vrana 2 (Francis Bouillon, Jonathan Blum) at 2:11
5. Harfangs , Chris Kreider 3 (Stefan Ruzicka, Alexandre Picard) at 2:19
6. Ice Dragons , Troy Brouwer 1 (Cal Clutterbuck) at 5:26
7. Ice Dragons , Oskar Osala 3 (Cal Clutterbuck) at 9:32
8. Ice Dragons , Patrick O'Sullivan 4 (Oskar Osala) at 19:26 (Empty Net)
Penalties :
Reid McNeill (BEA) for Holding Stick (Minor) at 6:18, Kyle Palmieri (BEA) for Hooking (Minor) at 12:17
Goalie Stats
Mark Visentin (BEA), 31 saves from 35 shots - (0,886), L, 0-2-0, 59:26 minutes
Justin Pogge (Kin), 33 saves from 36 shots - (0,917), W, 2-1-1, 60:00 minutes
Players Stats for Harfangs
Player Name G A P +/- PIM S H SB GA TA FO MP PP MP PK MP
------------------------------------------------------------------------------------
Alexandre Picard 0 2 2 0 0 1 4 2 0 0 0/0 28:14 2:57 3:04
Andrew Orpik 0 0 0 0 0 2 0 1 0 2 0/0 16:52 3:00 2:53
Brian Lashoff 0 0 0 -2 0 1 1 1 0 0 0/0 14:54 0:00 0:00
Brock Nelson 0 0 0 1 0 1 0 1 0 0 6/16 15:33 2:54 0:27
Calle Jarnkrok 0 0 0 -3 0 1 0 0 0 0 5/10 12:38 0:00 0:00
Chris Kreider 1 0 1 0 0 4 5 3 0 0 0/1 18:00 2:54 2:33
Craig Smith 1 0 1 1 0 3 3 1 0 0 10/14 14:56 0:00 2:48
Dustin Jeffrey 0 0 0 -3 0 6 3 0 0 1 0/0 12:46 0:04 0:00
Dylan Olsen 0 0 0 0 0 0 4 3 0 2 0/0 27:33 3:00 2:53
Emerson Etem 0 1 1 1 0 0 0 0 0 0 0/0 12:08 0:00 0:00
Kyle Palmieri 1 0 1 0 2 4 1 2 0 0 0/0 13:30 2:56 0:00
Mike Hoffman 0 0 0 -3 0 1 1 1 0 0 0/0 12:38 0:00 0:00
Peter Olvecky 0 1 1 1 2 2 2 1 1 0 1/1 13:08 0:07 0:33
Petri Kontiola 0 1 1 -1 0 2 3 0 0 0 7/19 16:45 2:59 2:42
Reid McNeill 0 0 0 -2 2 1 3 0 0 0 0/0 14:54 0:00 0:00
Stefan Ruzicka 0 1 1 0 0 1 1 1 1 0 0/0 15:35 2:58 0:00
Tomas Tatar 0 0 0 0 0 5 1 0 1 0 0/0 16:23 2:59 2:51
Victor Bartley 0 0 0 0 0 1 1 1 0 0 0/0 17:33 2:57 3:04
Players Stats for Ice Dragons
Player Name G A P +/- PIM S H SB GA TA FO MP PP MP PK MP
------------------------------------------------------------------------------------
Boris Valabik 0 0 0 -1 0 3 2 3 0 0 0/0 29:42 3:28 3:51
Brandon Kozun 0 0 0 1 2 0 0 0 0 0 0/0 7:35 0:03 0:00
Cal Clutterbuck 1 2 3 2 4 7 4 0 1 0 4/4 21:04 3:05 1:06
Danny Syvret 0 0 0 0 0 0 0 0 0 0 0/0 9:37 0:00 0:00
Francis Bouillon 0 1 1 3 0 1 1 0 0 0 0/0 20:41 2:29 2:06
Joe Callahan 0 0 0 -1 0 1 3 1 1 2 0/0 29:42 3:28 3:51
Joey Hishon 0 0 0 1 0 0 0 0 0 0 0/2 7:38 0:00 0:09
Jonathan Blum 0 1 1 3 0 1 0 0 0 0 0/0 20:41 2:29 2:06
Jordan LaVallee 0 0 0 0 0 2 0 0 0 0 0/1 13:55 0:05 1:33
Michael Latta 0 0 0 0 0 0 1 0 0 0 3/5 13:16 0:00 1:21
Niklas Sundstrom 0 0 0 -1 0 1 2 0 1 0 0/0 15:27 2:47 1:15
Oskar Osala 1 2 3 2 0 9 1 0 0 1 2/4 21:09 3:05 1:15
Patrick O'Sullivan 1 1 2 2 0 3 1 0 0 0 18/34 23:18 3:07 2:59
Petr Vrana 1 0 1 1 0 2 2 1 0 0 0/0 8:32 0:05 0:30
Raymond Sawada 0 0 0 0 0 1 0 0 2 0 0/0 13:42 0:00 1:46
Tomas Kudelka 0 0 0 0 0 1 2 2 0 0 0/0 9:37 0:00 0:00
Troy Brouwer 1 0 1 -1 0 4 4 0 0 0 0/0 14:12 2:47 0:00
Tyler Haskins 0 0 0 -1 0 0 1 0 0 0 5/11 14:12 2:47 0:00
3 Stars
1 - Oskar Osala (Kin)
2 - Cal Clutterbuck (Kin)
3 - Patrick O'Sullivan (Kin)
Power Play
Harfangs - 0 on 3 Attempt(s) - 0,00%
Ice Dragons - 0 on 3 Attempt(s) - 0,00%
Penalty Kill
Harfangs - 3 on 3 Attempt(s) - 100,00%
- Score 0 goal in Penalty Kill
Ice Dragons - 3 on 3 Attempt(s) - 100,00%
- Score 0 goal in Penalty Kill
Team Stat
Harfangs - Hits : 33 - Faceoff Wins : 29 - Blocked Shots : 18 - Penalty Minutes : 6
Ice Dragons - Hits : 24 - Faceoff Wins : 32 - Blocked Shots : 7 - Penalty Minutes : 6
Official
Referees : Sutherland Kelly and Marouelli Dan
Linesman : Mark Shewchyk and Michel Cormier
Game Notes
8:22 of 1st period - Harfangs goal is going for a video replay. After video review, No Goal. The puck has been directed, batted or thrown into the net by an attacking player other than with a stick.
Patrick O'Sullivan has scored in a empty net!
Finance
Level 1 -- Attendance: 1552 (77,60%) -- Ticket Income 54 320 $
Level 2 -- Attendance: 702 (70,20%) -- Ticket Income 10 530 $
Total Attendance: 2254 (75,13%)
Total Ticket Income: 64 850 $
Other Income: 3 242 $
Total Income: 68 092 $
Harfangs
5 vs 5 Forward
Center Left Wing Right Wing Time % Phy DF OF
1 Brock Nelson Chris Kreider Stefan Ruzicka 25 1 2 2
2 Petri Kontiola Tomas Tatar Kyle Palmieri 25 1 2 2
3 Craig Smith Peter Olvecky Emerson Etem 25 1 2 2
4 Calle Jarnkrok Dustin Jeffrey Mike Hoffman 25 1 2 2
5 vs 5 Defense
Defense Defense Time % Phy DF OF
1 Alexandre Picard Victor Bartley 25 1 2 2
2 Andrew Orpik Dylan Olsen 25 1 2 2
3 Brian Lashoff Reid McNeill 25 1 2 2
4 Alexandre Picard Dylan Olsen 25 1 2 2
PowerPlay Forward
Center Left Wing Right Wing Time % Phy DF OF
1 Brock Nelson Chris Kreider Stefan Ruzicka 50 1 2 2
2 Petri Kontiola Tomas Tatar Kyle Palmieri 50 1 2 2
PowerPlay Defense
Defense Defense Time % Phy DF OF
1 Alexandre Picard Victor Bartley 50 1 2 2
2 Andrew Orpik Dylan Olsen 50 1 2 2
Penalty Kill 4 Players Forward
Center Wing Time % Phy DF OF
1 Petri Kontiola Chris Kreider 50 1 2 2
2 Craig Smith Tomas Tatar 50 1 2 2
Penalty Kill 4 Players Defense
Defense Defense Time % Phy DF OF
1 Alexandre Picard Victor Bartley 50 1 2 2
2 Andrew Orpik Dylan Olsen 50 1 2 2
Penalty Kill - 3 Players Forward
Forward Time % Phy DF OF
1 Petri Kontiola 50 1 2 2
2 Craig Smith 50 1 2 2
Penalty Kill - 3 Players Defense
Defense Defense Time % Phy DF OF
1 Alexandre Picard Victor Bartley 50 1 2 2
2 Andrew Orpik Dylan Olsen 50 1 2 2
4 vs 4 Forward
Center Wing Time % Phy DF OF
1 Brock Nelson Stefan Ruzicka 50 1 2 2
2 Petri Kontiola Kyle Palmieri 50 1 2 2
4 vs 4 Defense
Defense Defense Time % Phy DF OF
1 Alexandre Picard Victor Bartley 50 1 2 2
2 Andrew Orpik Dylan Olsen 50 1 2 2
Last Minutes Offensive
Center Left Wing Right Wing Defense Defense
Petri Kontiola Chris Kreider Stefan Ruzicka Alexandre Picard Victor Bartley
Last Minutes Defensive
Center Left Wing Right Wing Defense Defense
Petri Kontiola Chris Kreider Stefan Ruzicka Brian Lashoff Alexandre Picard
Goaltenders
Starting : Mark Visentin
Backup : Darcy Kuemper
Extra Forwards
Normal : Stefan Ruzicka, Chris Kreider, Peter Olvecky - PP : Stefan Ruzicka, Peter Olvecky - PK : Chris Kreider
Extra Defensemen
Normal : Alexandre Picard, Victor Bartley, Andrew Orpik - PP : Victor Bartley - PK : Alexandre Picard, Andrew Orpik
Penalty Shots
Craig Smith, Tomas Tatar, Petri Kontiola, Dustin Jeffrey, Kyle Palmieri
Ice Dragons
5 vs 5 Forward
Center Left Wing Right Wing Time % Phy DF OF
1 Patrick O'Sullivan Oskar Osala Cal Clutterbuck 40 1 2 2
2 Tyler Haskins Troy Brouwer Niklas Sundstrom 30 1 2 2
3 Michael Latta Jordan LaVallee Raymond Sawada 20 1 2 2
4 Joey Hishon Petr Vrana Brandon Kozun 10 1 2 2
5 vs 5 Defense
Defense Defense Time % Phy DF OF
1 Boris Valabik Joe Callahan 40 1 2 2
2 Francis Bouillon Jonathan Blum 30 1 2 2
3 Danny Syvret Tomas Kudelka 20 1 2 2
4 Boris Valabik Joe Callahan 10 1 2 2
PowerPlay Forward
Center Left Wing Right Wing Time % Phy DF OF
1 Patrick O'Sullivan Oskar Osala Cal Clutterbuck 60 1 1 3
2 Tyler Haskins Troy Brouwer Niklas Sundstrom 40 1 1 3
PowerPlay Defense
Defense Defense Time % Phy DF OF
1 Boris Valabik Joe Callahan 60 0 2 3
2 Francis Bouillon Jonathan Blum 40 0 2 3
Penalty Kill 4 Players Forward
Center Wing Time % Phy DF OF
1 Patrick O'Sullivan Cal Clutterbuck 60 1 4 0
2 Oskar Osala Niklas Sundstrom 40 1 4 0
Penalty Kill 4 Players Defense
Defense Defense Time % Phy DF OF
1 Boris Valabik Joe Callahan 60 1 4 0
2 Francis Bouillon Jonathan Blum 40 1 4 0
Penalty Kill - 3 Players Forward
Forward Time % Phy DF OF
1 Patrick O'Sullivan 60 1 4 0
2 Cal Clutterbuck 40 1 4 0
Penalty Kill - 3 Players Defense
Defense Defense Time % Phy DF OF
1 Boris Valabik Joe Callahan 60 1 4 0
2 Francis Bouillon Jonathan Blum 40 1 4 0
4 vs 4 Forward
Center Wing Time % Phy DF OF
1 Patrick O'Sullivan Cal Clutterbuck 60 1 2 2
2 Oskar Osala Niklas Sundstrom 40 1 2 2
4 vs 4 Defense
Defense Defense Time % Phy DF OF
1 Boris Valabik Joe Callahan 60 1 2 2
2 Francis Bouillon Jonathan Blum 40 1 2 2
Last Minutes Offensive
Center Left Wing Right Wing Defense Defense
Patrick O'Sullivan Oskar Osala Cal Clutterbuck Boris Valabik Joe Callahan
Last Minutes Defensive
Center Left Wing Right Wing Defense Defense
Patrick O'Sullivan Oskar Osala Cal Clutterbuck Boris Valabik Joe Callahan
Goaltenders
Starting : Justin Pogge
Backup : Anders Nilsson
Extra Forwards
Normal : Jordan LaVallee, Petr Vrana, Raymond Sawada - PP : Jordan LaVallee, Petr Vrana - PK : Raymond Sawada
Extra Defensemen
Normal : Danny Syvret, Tomas Kudelka, Francis Bouillon - PP : Danny Syvret - PK : Tomas Kudelka, Francis Bouillon
Penalty Shots
Patrick O'Sullivan, Cal Clutterbuck, Oskar Osala, Niklas Sundstrom, Troy Brouwer
% Time on Ice - Harfangs
Lines # - Real PCT - Wanted PCT - Time Play
Normal Forward
1 - 25% - 25% - 12:06
2 - 23% - 25% - 10:43
3 - 25% - 25% - 12:08
4 - 27% - 25% - 12:38
Normal Defense
1 - 23% - 25% - 11:01
2 - 23% - 25% - 10:59
3 - 31% - 25% - 14:54
4 - 22% - 25% - 10:41
PP Forward
1 - 50% - 50% - 2:58
2 - 50% - 50% - 2:59
PP Defense
1 - 50% - 50% - 2:57
2 - 50% - 50% - 3:00
PK Forward
1 - 50% - 50% - 3:00
2 - 50% - 50% - 2:57
PK Defense
1 - 52% - 50% - 3:04
2 - 48% - 50% - 2:53
PK3 Forward
1 - 0% - 50%
2 - 0% - 50%
PK3 Defense
1 - 0% - 50%
2 - 0% - 50%
44 Forward
1 - 0% - 50%
2 - 0% - 50%
44 Defense
1 - 0% - 50%
2 - 0% - 50%
Last Minute Offensive - 0:31
Last Minute Defensive - 0:00
Total
Forward - 60:00
Defense - 60:00
|
% Time on Ice - Ice Dragons
Lines # - Real PCT - Wanted PCT - Time Play
Normal Forward
1 - 35% - 40% - 16:54
2 - 24% - 30% - 11:25
3 - 25% - 20% - 11:50
4 - 16% - 10% - 7:29
Normal Defense
1 - 41% - 40% - 19:20
2 - 34% - 30% - 16:06
3 - 20% - 20% - 9:37
4 - 5% - 10% - 2:35
PP Forward
1 - 53% - 60% - 3:10
2 - 47% - 40% - 2:47
PP Defense
1 - 58% - 60% - 3:28
2 - 42% - 40% - 2:29
PK Forward
1 - 79% - 60% - 4:42
2 - 21% - 40% - 1:15
PK Defense
1 - 65% - 60% - 3:51
2 - 35% - 40% - 2:06
PK3 Forward
1 - 0% - 60%
2 - 0% - 40%
PK3 Defense
1 - 0% - 60%
2 - 0% - 40%
44 Forward
1 - 0% - 60%
2 - 0% - 40%
44 Defense
1 - 0% - 60%
2 - 0% - 40%
Last Minute Offensive - 0:00
Last Minute Defensive - 0:28
Total
Forward - 60:00
Defense - 60:00
|
Play by Play
1st period
0:01 of 1st period - Patrick O'Sullivan wins face-off versus Brock Nelson in neutral zone.
0:08 of 1st period - Wrist shot by Cal Clutterbuck.
0:08 of 1st period - Shot Misses the Net.
0:10 of 1st period - Slapshot by Boris Valabik.
0:10 of 1st period - Shot Blocked by Victor Bartley.
0:12 of 1st period - Wrist shot by Oskar Osala.
0:12 of 1st period - Stopped by Mark Visentin with a rebound.
0:26 of 1st period - Boris Valabik is hit by Victor Bartley and loses puck.
1:31 of 1st period - Jonathan Blum is hit by Reid McNeill and loses puck.
1:50 of 1st period - Dylan Olsen is hit by Troy Brouwer and loses puck.
2:30 of 1st period - Tomas Kudelka is hit by Reid McNeill and loses puck.
2:37 of 1st period - Wrist shot by Peter Olvecky.
2:37 of 1st period - Shot Misses the Net.
2:39 of 1st period - Backhand shot by Emerson Etem.
2:39 of 1st period - Shot Misses the Net.
2:47 of 1st period - Wrist shot by Peter Olvecky.
2:47 of 1st period - Stopped by Justin Pogge without a rebound.
2:48 of 1st period - Patrick O'Sullivan wins face-off versus Calle Jarnkrok in Ice Dragons zone.
2:50 of 1st period - Minor Penalty to Cal Clutterbuck for Elbowing.
2:51 of 1st period - Patrick O'Sullivan wins face-off versus Brock Nelson in Ice Dragons zone.
3:06 of 1st period - Slapshot by Chris Kreider.
3:06 of 1st period - Stopped by Justin Pogge with a rebound.
4:50 of 1st period - Penalty to Cal Clutterbuck is over, Cal Clutterbuck is back on ice.
5:09 of 1st period - Snap shot by Niklas Sundstrom.
5:09 of 1st period - Shot Blocked by Alexandre Picard.
5:11 of 1st period - Slapshot by Tomas Kudelka.
5:11 of 1st period - Stopped by Mark Visentin with a rebound.
5:50 of 1st period - Tomas Kudelka is hit by Reid McNeill and loses puck.
6:09 of 1st period - Craig Smith is hit by Troy Brouwer and loses puck.
6:22 of 1st period - Snap shot by Stefan Ruzicka.
6:22 of 1st period - Shot Blocked by Boris Valabik.
6:50 of 1st period - Snap shot by Petr Vrana.
6:50 of 1st period - Shot Blocked by Andrew Orpik.
6:52 of 1st period - Slapshot by Jonathan Blum.
6:52 of 1st period - Stopped by Mark Visentin without a rebound.
6:53 of 1st period - Brock Nelson wins face-off versus Joey Hishon in Harfangs zone.
6:58 of 1st period - Jonathan Blum is hit by Dylan Olsen.
7:08 of 1st period - Patrick O'Sullivan is hit by Brian Lashoff and loses puck.
7:13 of 1st period - Slapshot by Mike Hoffman.
7:13 of 1st period - Stopped by Justin Pogge without a rebound.
7:14 of 1st period - Cal Clutterbuck wins face-off versus Petri Kontiola in Ice Dragons zone.
7:19 of 1st period - Backhand shot by Petri Kontiola.
7:19 of 1st period - Stopped by Justin Pogge with a rebound.
7:23 of 1st period - Snap shot by Petri Kontiola.
7:23 of 1st period - Deflect By Kyle Palmieri.
7:23 of 1st period - Shot Misses the Net.
7:23 of 1st period - Puck is out of play.
7:24 of 1st period - Petri Kontiola wins face-off versus Patrick O'Sullivan in Ice Dragons zone.
7:51 of 1st period - Cal Clutterbuck is hit by Kyle Palmieri and loses puck.
8:14 of 1st period - Snap shot by Petri Kontiola.
8:14 of 1st period - Shot Misses the Net.
8:16 of 1st period - Slapshot by Andrew Orpik.
8:16 of 1st period - Shot Blocked by Boris Valabik.
8:18 of 1st period - Wrist shot by Andrew Orpik.
8:18 of 1st period - Stopped by Justin Pogge with a rebound.
8:20 of 1st period - Snap shot by Tomas Tatar.
8:20 of 1st period - Stopped by Justin Pogge with a rebound.
8:22 of 1st period - Snap shot by Petri Kontiola.
8:22 of 1st period - Harfangs goal is going for a video replay.
8:22 of 1st period - The goal is refused. The puck has been directed, batted or thrown into the net by an attacking player other than with a stick..
8:23 of 1st period - Tyler Haskins wins face-off versus Brock Nelson in Ice Dragons zone.
8:58 of 1st period - Wrist shot by Jordan LaVallee.
8:58 of 1st period - Deflect By Raymond Sawada.
8:58 of 1st period - Stopped by Mark Visentin with a rebound.
9:08 of 1st period - Brandon Kozun is hit by Craig Smith and loses puck.
9:13 of 1st period - Snap shot by Craig Smith.
9:13 of 1st period - Stopped by Justin Pogge with a rebound.
9:15 of 1st period - Wrist shot by Peter Olvecky.
9:15 of 1st period - Stopped by Justin Pogge without a rebound.
9:16 of 1st period - Tyler Haskins wins face-off versus Brock Nelson in Ice Dragons zone.
9:23 of 1st period - Snap shot by Niklas Sundstrom.
9:23 of 1st period - Shot Blocked by Chris Kreider.
9:25 of 1st period - Slapshot by Boris Valabik.
9:25 of 1st period - Shot Misses the Net.
9:27 of 1st period - Snap shot by Tyler Haskins.
9:27 of 1st period - Shot Misses the Net.
9:29 of 1st period - Wrist shot by Joe Callahan.
9:29 of 1st period - Deflect By Stefan Ruzicka.
9:29 of 1st period - Stopped by Mark Visentin with a rebound.
9:31 of 1st period - Slapshot by Boris Valabik.
9:31 of 1st period - Shot Misses the Net.
9:48 of 1st period - Off-side.
9:49 of 1st period - Craig Smith wins face-off versus Patrick O'Sullivan in neutral zone.
10:14 of 1st period - Tyler Haskins is hit by Chris Kreider and loses puck.
11:44 of 1st period - Raymond Sawada is hit by Chris Kreider and loses puck.
12:20 of 1st period - Alexandre Picard is hit by Cal Clutterbuck and loses puck.
12:53 of 1st period - Joe Callahan is hit by Dylan Olsen and loses puck.
13:13 of 1st period - Jordan LaVallee is hit by Chris Kreider and loses puck.
13:28 of 1st period - Snap shot by Cal Clutterbuck.
13:28 of 1st period - Stopped by Mark Visentin without a rebound.
13:29 of 1st period - Calle Jarnkrok wins face-off versus Patrick O'Sullivan in Harfangs zone.
13:48 of 1st period - Backhand shot by Calle Jarnkrok.
13:48 of 1st period - Stopped by Justin Pogge with a rebound.
14:00 of 1st period - Snap shot by Patrick O'Sullivan.
14:00 of 1st period - Deflect By Cal Clutterbuck.
14:00 of 1st period - Goal by Cal Clutterbuck - Harfangs : 0 - Ice Dragons : 1.
14:01 of 1st period - Tyler Haskins wins face-off versus Petri Kontiola in neutral zone.
14:44 of 1st period - Off-side.
14:45 of 1st period - Brock Nelson wins face-off versus Jordan LaVallee in neutral zone.
14:48 of 1st period - Snap shot by Chris Kreider.
14:48 of 1st period - Shot Misses the Net.
14:50 of 1st period - Snap shot by Brock Nelson.
14:50 of 1st period - Stopped by Justin Pogge with a rebound.
14:52 of 1st period - Snap shot by Chris Kreider.
14:52 of 1st period - Stopped by Justin Pogge without a rebound.
14:53 of 1st period - Patrick O'Sullivan wins face-off versus Petri Kontiola in Ice Dragons zone.
14:53 of 1st period - Patrick O'Sullivan is hit by Tomas Tatar.
15:22 of 1st period - Off-side.
15:23 of 1st period - Craig Smith wins face-off versus Tyler Haskins in neutral zone.
15:30 of 1st period - Slapshot by Craig Smith.
15:30 of 1st period - Goal by Craig Smith - Harfangs : 1 - Ice Dragons : 1.
15:31 of 1st period - Patrick O'Sullivan wins face-off versus Brock Nelson in neutral zone.
16:14 of 1st period - Snap shot by Oskar Osala.
16:14 of 1st period - Stopped by Mark Visentin with a rebound.
16:16 of 1st period - Wrist shot by Cal Clutterbuck.
16:16 of 1st period - Deflect By Oskar Osala.
16:16 of 1st period - Shot Misses the Net.
16:16 of 1st period - Puck is out of play.
16:17 of 1st period - Calle Jarnkrok wins face-off versus Tyler Haskins in Harfangs zone.
16:30 of 1st period - Wrist shot by Calle Jarnkrok.
16:30 of 1st period - Deflect By Dustin Jeffrey.
16:30 of 1st period - Stopped by Justin Pogge with a rebound.
16:32 of 1st period - Snap shot by Dustin Jeffrey.
16:32 of 1st period - Stopped by Justin Pogge with a rebound.
17:13 of 1st period - Snap shot by Stefan Ruzicka.
17:13 of 1st period - Shot Blocked by Petr Vrana.
17:41 of 1st period - Minor Penalty to Brandon Kozun for Roughing.
17:42 of 1st period - Cal Clutterbuck wins face-off versus Petri Kontiola in Ice Dragons zone.
18:11 of 1st period - Slapshot by Alexandre Picard.
18:11 of 1st period - Stopped by Justin Pogge without a rebound.
18:12 of 1st period - Oskar Osala wins face-off versus Chris Kreider in Ice Dragons zone.
18:39 of 1st period - Kyle Palmieri is hit by Oskar Osala and loses puck.
19:41 of 1st period - Penalty to Brandon Kozun is over, Brandon Kozun is back on ice.
19:56 of 1st period - Emerson Etem is hit by Niklas Sundstrom and loses puck.
Goals for this period are 1 for Harfangs vs 1 for Ice Dragons.
Shots for this period are 16 for Harfangs vs 8 for Ice Dragons.
2nd period
0:01 of 2nd period - Brock Nelson wins face-off versus Patrick O'Sullivan in neutral zone.
0:14 of 2nd period - Snap shot by Chris Kreider.
0:14 of 2nd period - Shot Misses the Net.
0:26 of 2nd period - Joe Callahan is hit by Dylan Olsen and loses puck.
0:55 of 2nd period - Wrist shot by Raymond Sawada.
0:55 of 2nd period - Deflect By Jordan LaVallee.
0:55 of 2nd period - Shot Misses the Net.
0:55 of 2nd period - Puck is out of play.
0:56 of 2nd period - Patrick O'Sullivan wins face-off versus Craig Smith in Harfangs zone.
1:07 of 2nd period - Wrist shot by Cal Clutterbuck.
1:07 of 2nd period - Shot Misses the Net.
1:30 of 2nd period - Slapshot by Alexandre Picard.
1:30 of 2nd period - Shot Misses the Net.
1:50 of 2nd period - Slapshot by Chris Kreider.
1:50 of 2nd period - Stopped by Justin Pogge with a rebound.
1:52 of 2nd period - Backhand shot by Alexandre Picard.
1:52 of 2nd period - Deflect By Brock Nelson.
1:52 of 2nd period - Shot Blocked by Boris Valabik.
1:52 of 2nd period - Puck is out of play.
1:53 of 2nd period - Oskar Osala wins face-off versus Petri Kontiola in Ice Dragons zone.
2:00 of 2nd period - Snap shot by Tomas Tatar.
2:00 of 2nd period - Stopped by Justin Pogge with a rebound.
2:02 of 2nd period - Wrist shot by Petri Kontiola.
2:02 of 2nd period - Shot Blocked by Tomas Kudelka.
2:04 of 2nd period - Slapshot by Kyle Palmieri.
2:04 of 2nd period - Stopped by Justin Pogge with a rebound.
2:06 of 2nd period - Wrist shot by Petri Kontiola.
2:06 of 2nd period - Shot Misses the Net.
2:08 of 2nd period - Slapshot by Brian Lashoff.
2:08 of 2nd period - Stopped by Justin Pogge without a rebound.
2:09 of 2nd period - Peter Olvecky wins face-off versus Tyler Haskins in Ice Dragons zone.
2:18 of 2nd period - Wrist shot by Peter Olvecky.
2:18 of 2nd period - Shot Misses the Net.
2:20 of 2nd period - Wrist shot by Emerson Etem.
2:20 of 2nd period - Shot Misses the Net.
2:22 of 2nd period - Slapshot by Peter Olvecky.
2:22 of 2nd period - Shot Blocked by Joe Callahan.
2:24 of 2nd period - Slapshot by Brian Lashoff.
2:24 of 2nd period - Deflect By Peter Olvecky.
2:24 of 2nd period - Shot Misses the Net.
2:24 of 2nd period - Puck is out of play.
2:25 of 2nd period - Patrick O'Sullivan wins face-off versus Calle Jarnkrok in Ice Dragons zone.
2:25 of 2nd period - Patrick O'Sullivan is hit by Alexandre Picard.
2:58 of 2nd period - Snap shot by Troy Brouwer.
2:58 of 2nd period - Shot Misses the Net.
3:50 of 2nd period - Minor Penalty to Peter Olvecky for Roughing.
3:51 of 2nd period - Patrick O'Sullivan wins face-off versus Petri Kontiola in Harfangs zone.
4:31 of 2nd period - Dylan Olsen is hit by Boris Valabik and loses puck.
4:52 of 2nd period - Jonathan Blum is hit by Craig Smith and loses puck.
5:35 of 2nd period - Chris Kreider is hit by Boris Valabik and loses puck.
5:50 of 2nd period - Penalty to Peter Olvecky is over, Peter Olvecky is back on ice.
6:06 of 2nd period - Snap shot by Raymond Sawada.
6:06 of 2nd period - Shot Misses the Net.
7:00 of 2nd period - Jordan LaVallee is hit by Dustin Jeffrey.
7:14 of 2nd period - Niklas Sundstrom is hit by Petri Kontiola and loses puck.
7:42 of 2nd period - Francis Bouillon is hit by Chris Kreider.
8:13 of 2nd period - Joey Hishon is hit by Dylan Olsen and loses puck.
8:45 of 2nd period - Niklas Sundstrom is hit by Chris Kreider and loses puck.
9:00 of 2nd period - Peter Olvecky is hit by Michael Latta and loses puck.
9:13 of 2nd period - Danny Syvret is hit by Alexandre Picard and loses puck.
9:40 of 2nd period - Victor Bartley is hit by Cal Clutterbuck and loses puck.
9:57 of 2nd period - Alexandre Picard is hit by Tomas Kudelka and loses puck.
10:06 of 2nd period - Victor Bartley is hit by Francis Bouillon and loses puck.
10:21 of 2nd period - Oskar Osala is hit by Peter Olvecky.
11:43 of 2nd period - Peter Olvecky is hit by Troy Brouwer.
11:49 of 2nd period - Snap shot by Andrew Orpik.
11:49 of 2nd period - Stopped by Justin Pogge with a rebound.
11:51 of 2nd period - Wrist shot by Peter Olvecky.
11:51 of 2nd period - Shot Misses the Net.
12:17 of 2nd period - Francis Bouillon is hit by Petri Kontiola.
12:25 of 2nd period - Snap shot by Kyle Palmieri.
12:25 of 2nd period - Stopped by Justin Pogge with a rebound.
12:39 of 2nd period - Jonathan Blum is hit by Alexandre Picard and loses puck.
13:00 of 2nd period - Jonathan Blum is hit by Craig Smith and loses puck.
13:13 of 2nd period - Dustin Jeffrey is hit by Tomas Kudelka and loses puck.
13:18 of 2nd period - Wrist shot by Oskar Osala.
13:18 of 2nd period - Shot Misses the Net.
13:21 of 2nd period - Icing by Victor Bartley.
13:22 of 2nd period - Calle Jarnkrok wins face-off versus Patrick O'Sullivan in Harfangs zone.
13:35 of 2nd period - Wrist shot by Dustin Jeffrey.
13:35 of 2nd period - Stopped by Justin Pogge without a rebound.
13:36 of 2nd period - Patrick O'Sullivan wins face-off versus Petri Kontiola in Ice Dragons zone.
13:43 of 2nd period - Snap shot by Cal Clutterbuck.
13:43 of 2nd period - Stopped by Mark Visentin with a rebound.
13:45 of 2nd period - Slapshot by Jonathan Blum.
13:45 of 2nd period - Deflect By Oskar Osala.
13:45 of 2nd period - Shot Blocked by Dylan Olsen.
13:45 of 2nd period - Puck is out of play.
13:46 of 2nd period - Patrick O'Sullivan wins face-off versus Petri Kontiola in Harfangs zone.
13:49 of 2nd period - Snap shot by Oskar Osala.
13:49 of 2nd period - Stopped by Mark Visentin without a rebound.
13:50 of 2nd period - Cal Clutterbuck wins face-off versus Brock Nelson in Harfangs zone.
13:51 of 2nd period - Slapshot by Patrick O'Sullivan.
13:51 of 2nd period - Stopped by Mark Visentin with a rebound.
14:15 of 2nd period - Dylan Olsen is hit by Tyler Haskins.
14:20 of 2nd period - Wrist shot by Victor Bartley.
14:20 of 2nd period - Shot Misses the Net.
14:22 of 2nd period - Slapshot by Victor Bartley.
14:22 of 2nd period - Stopped by Justin Pogge without a rebound.
14:23 of 2nd period - Craig Smith wins face-off versus Tyler Haskins in Ice Dragons zone.
14:37 of 2nd period - Snap shot by Francis Bouillon.
14:37 of 2nd period - Shot Misses the Net.
14:39 of 2nd period - Snap shot by Jonathan Blum.
14:39 of 2nd period - Shot Misses the Net.
14:51 of 2nd period - Slapshot by Oskar Osala.
14:51 of 2nd period - Shot Blocked by Chris Kreider.
14:53 of 2nd period - Snap shot by Boris Valabik.
14:53 of 2nd period - Stopped by Mark Visentin without a rebound.
14:54 of 2nd period - Brock Nelson wins face-off versus Patrick O'Sullivan in Harfangs zone.
14:59 of 2nd period - Wrist shot by Chris Kreider.
14:59 of 2nd period - Shot Misses the Net.
15:14 of 2nd period - Chris Kreider is hit by Cal Clutterbuck and loses puck.
15:31 of 2nd period - Snap shot by Kyle Palmieri.
15:31 of 2nd period - Stopped by Justin Pogge without a rebound.
15:32 of 2nd period - Petri Kontiola wins face-off versus Tyler Haskins in Ice Dragons zone.
15:32 of 2nd period - Petri Kontiola is hit by Troy Brouwer.
15:40 of 2nd period - Wrist shot by Kyle Palmieri.
15:40 of 2nd period - Goal by Kyle Palmieri - Harfangs : 2 - Ice Dragons : 1.
15:41 of 2nd period - Patrick O'Sullivan wins face-off versus Calle Jarnkrok in neutral zone.
16:11 of 2nd period - Dylan Olsen is hit by Niklas Sundstrom and loses puck.
17:06 of 2nd period - Brandon Kozun is hit by Mike Hoffman and loses puck.
17:36 of 2nd period - Slapshot by Tomas Tatar.
17:36 of 2nd period - Stopped by Justin Pogge without a rebound.
17:37 of 2nd period - Patrick O'Sullivan wins face-off versus Craig Smith in Ice Dragons zone.
17:39 of 2nd period - Minor Penalty to Cal Clutterbuck for Interference.
17:40 of 2nd period - Petri Kontiola wins face-off versus Patrick O'Sullivan in Ice Dragons zone.
17:48 of 2nd period - Snap shot by Tomas Tatar.
17:48 of 2nd period - Shot Misses the Net.
18:13 of 2nd period - Snap shot by Stefan Ruzicka.
18:13 of 2nd period - Shot Misses the Net.
19:15 of 2nd period - Joe Callahan is hit by Petri Kontiola and loses puck.
19:38 of 2nd period - Michael Latta is hit by Dustin Jeffrey and loses puck.
19:39 of 2nd period - Penalty to Cal Clutterbuck is over, Cal Clutterbuck is back on ice.
Goals for this period are 1 for Harfangs vs 0 for Ice Dragons.
Shots for this period are 11 for Harfangs vs 4 for Ice Dragons.
3rd period
0:01 of 3rd period - Patrick O'Sullivan wins face-off versus Petri Kontiola in neutral zone.
0:47 of 3rd period - Snap shot by Dustin Jeffrey.
0:47 of 3rd period - Stopped by Justin Pogge with a rebound.
0:49 of 3rd period - Slapshot by Reid McNeill.
0:49 of 3rd period - Stopped by Justin Pogge without a rebound.
0:50 of 3rd period - Michael Latta wins face-off versus Calle Jarnkrok in Ice Dragons zone.
1:12 of 3rd period - Snap shot by Jordan LaVallee.
1:12 of 3rd period - Shot Blocked by Mike Hoffman.
1:23 of 3rd period - Off-side.
1:24 of 3rd period - Patrick O'Sullivan wins face-off versus Craig Smith in neutral zone.
1:33 of 3rd period - Slapshot by Cal Clutterbuck.
1:33 of 3rd period - Stopped by Mark Visentin with a rebound.
1:35 of 3rd period - Snap shot by Cal Clutterbuck.
1:35 of 3rd period - Shot Blocked by Alexandre Picard.
1:37 of 3rd period - Wrist shot by Boris Valabik.
1:37 of 3rd period - Shot Blocked by Dylan Olsen.
1:39 of 3rd period - Snap shot by Patrick O'Sullivan.
1:39 of 3rd period - Shot Misses the Net.
1:49 of 3rd period - Craig Smith is hit by Joe Callahan and loses puck.
1:54 of 3rd period - Slapshot by Jonathan Blum.
1:54 of 3rd period - Deflect By Joey Hishon.
1:54 of 3rd period - Shot Blocked by Craig Smith.
1:54 of 3rd period - Puck is out of play.
1:55 of 3rd period - Petri Kontiola wins face-off versus Joey Hishon in Harfangs zone.
2:07 of 3rd period - Wrist shot by Petr Vrana.
2:07 of 3rd period - Stopped by Mark Visentin with a rebound.
2:09 of 3rd period - Wrist shot by Francis Bouillon.
2:09 of 3rd period - Stopped by Mark Visentin with a rebound.
2:11 of 3rd period - Wrist shot by Petr Vrana.
2:11 of 3rd period - Goal by Petr Vrana - Harfangs : 2 - Ice Dragons : 2.
2:12 of 3rd period - Brock Nelson wins face-off versus Patrick O'Sullivan in neutral zone.
2:19 of 3rd period - Snap shot by Chris Kreider.
2:19 of 3rd period - Goal by Chris Kreider - Harfangs : 3 - Ice Dragons : 2.
2:20 of 3rd period - Patrick O'Sullivan wins face-off versus Brock Nelson in neutral zone.
2:38 of 3rd period - Icing by Cal Clutterbuck.
2:39 of 3rd period - Petri Kontiola wins face-off versus Patrick O'Sullivan in Ice Dragons zone.
2:53 of 3rd period - Wrist shot by Tomas Tatar.
2:53 of 3rd period - Stopped by Justin Pogge with a rebound.
3:05 of 3rd period - Victor Bartley is hit by Joe Callahan and loses puck.
4:52 of 3rd period - Backhand shot by Jordan LaVallee.
4:52 of 3rd period - Stopped by Mark Visentin with a rebound.
5:26 of 3rd period - Snap shot by Troy Brouwer.
5:26 of 3rd period - Goal by Troy Brouwer - Harfangs : 3 - Ice Dragons : 3.
5:27 of 3rd period - Patrick O'Sullivan wins face-off versus Brock Nelson in neutral zone.
5:30 of 3rd period - Alexandre Picard is hit by Cal Clutterbuck and loses puck.
5:35 of 3rd period - Snap shot by Oskar Osala.
5:35 of 3rd period - Stopped by Mark Visentin without a rebound.
5:36 of 3rd period - Patrick O'Sullivan wins face-off versus Brock Nelson in Harfangs zone.
5:37 of 3rd period - Wrist shot by Oskar Osala.
5:37 of 3rd period - Shot Blocked by Brock Nelson.
5:39 of 3rd period - Slapshot by Joe Callahan.
5:39 of 3rd period - Shot Blocked by Stefan Ruzicka.
5:41 of 3rd period - Slapshot by Boris Valabik.
5:41 of 3rd period - Deflect By Stefan Ruzicka.
5:41 of 3rd period - Stopped by Mark Visentin with a rebound.
6:03 of 3rd period - Slapshot by Boris Valabik.
6:03 of 3rd period - Stopped by Mark Visentin without a rebound.
6:04 of 3rd period - Petri Kontiola wins face-off versus Tyler Haskins in Harfangs zone.
6:06 of 3rd period - Icing by Kyle Palmieri.
6:07 of 3rd period - Tyler Haskins wins face-off versus Petri Kontiola in Harfangs zone.
6:16 of 3rd period - Snap shot by Niklas Sundstrom.
6:16 of 3rd period - Shot Blocked by Kyle Palmieri.
6:18 of 3rd period - Minor Penalty to Reid McNeill for Holding Stick.
6:19 of 3rd period - Craig Smith wins face-off versus Patrick O'Sullivan in Harfangs zone.
6:30 of 3rd period - Snap shot by Joe Callahan.
6:30 of 3rd period - Shot Misses the Net.
6:32 of 3rd period - Snap shot by Patrick O'Sullivan.
6:32 of 3rd period - Shot Misses the Net.
7:20 of 3rd period - Francis Bouillon is hit by Alexandre Picard and loses puck.
8:18 of 3rd period - Penalty to Reid McNeill is over, Reid McNeill is back on ice.
8:36 of 3rd period - Dustin Jeffrey is hit by Joe Callahan and loses puck.
8:51 of 3rd period - Snap shot by Troy Brouwer.
8:51 of 3rd period - Stopped by Mark Visentin with a rebound.
8:53 of 3rd period - Wrist shot by Troy Brouwer.
8:53 of 3rd period - Stopped by Mark Visentin with a rebound.
8:55 of 3rd period - Slapshot by Joe Callahan.
8:55 of 3rd period - Shot Blocked by Brian Lashoff.
8:57 of 3rd period - Wrist shot by Troy Brouwer.
8:57 of 3rd period - Stopped by Mark Visentin with a rebound.
8:59 of 3rd period - Slapshot by Boris Valabik.
8:59 of 3rd period - Deflect By Niklas Sundstrom.
8:59 of 3rd period - Stopped by Mark Visentin without a rebound.
9:00 of 3rd period - Michael Latta wins face-off versus Brock Nelson in Harfangs zone.
9:09 of 3rd period - Snap shot by Jordan LaVallee.
9:09 of 3rd period - Stopped by Mark Visentin with a rebound.
9:25 of 3rd period - Dustin Jeffrey is hit by Patrick O'Sullivan and loses puck.
9:32 of 3rd period - Wrist shot by Oskar Osala.
9:32 of 3rd period - Goal by Oskar Osala - Harfangs : 3 - Ice Dragons : 4.
9:33 of 3rd period - Petri Kontiola wins face-off versus Patrick O'Sullivan in neutral zone.
9:40 of 3rd period - Snap shot by Tomas Tatar.
9:40 of 3rd period - Stopped by Justin Pogge with a rebound.
9:48 of 3rd period - Snap shot by Tomas Tatar.
9:48 of 3rd period - Shot Misses the Net.
10:00 of 3rd period - Dylan Olsen is hit by Petr Vrana and loses puck.
10:07 of 3rd period - Brandon Kozun is hit by Peter Olvecky and loses puck.
10:26 of 3rd period - Boris Valabik is hit by Stefan Ruzicka and loses puck.
11:41 of 3rd period - Slapshot by Stefan Ruzicka.
11:41 of 3rd period - Stopped by Justin Pogge with a rebound.
11:51 of 3rd period - Slapshot by Boris Valabik.
11:51 of 3rd period - Deflect By Michael Latta.
11:51 of 3rd period - Shot Blocked by Chris Kreider.
11:51 of 3rd period - Puck is out of play.
11:52 of 3rd period - Patrick O'Sullivan wins face-off versus Craig Smith in Harfangs zone.
11:57 of 3rd period - Snap shot by Cal Clutterbuck.
11:57 of 3rd period - Stopped by Mark Visentin with a rebound.
12:05 of 3rd period - Snap shot by Cal Clutterbuck.
12:05 of 3rd period - Shot Blocked by Peter Olvecky.
12:07 of 3rd period - Slapshot by Cal Clutterbuck.
12:07 of 3rd period - Stopped by Mark Visentin without a rebound.
12:08 of 3rd period - Tyler Haskins wins face-off versus Petri Kontiola in Harfangs zone.
12:15 of 3rd period - Snap shot by Tyler Haskins.
12:15 of 3rd period - Shot Misses the Net.
12:17 of 3rd period - Minor Penalty to Kyle Palmieri for Hooking.
12:18 of 3rd period - Craig Smith wins face-off versus Patrick O'Sullivan in Harfangs zone.
14:17 of 3rd period - Penalty to Kyle Palmieri is over, Kyle Palmieri is back on ice.
14:18 of 3rd period - Kyle Palmieri is hit by Petr Vrana and loses puck.
14:31 of 3rd period - Snap shot by Dustin Jeffrey.
14:31 of 3rd period - Stopped by Justin Pogge without a rebound.
14:32 of 3rd period - Calle Jarnkrok wins face-off versus Michael Latta in Ice Dragons zone.
14:35 of 3rd period - Slapshot by Dustin Jeffrey.
14:35 of 3rd period - Deflect By Jordan LaVallee.
14:35 of 3rd period - Stopped by Justin Pogge without a rebound.
14:36 of 3rd period - Michael Latta wins face-off versus Calle Jarnkrok in Ice Dragons zone.
14:47 of 3rd period - Slapshot by Tomas Kudelka.
14:47 of 3rd period - Deflect By Jordan LaVallee.
14:47 of 3rd period - Shot Misses the Net.
14:47 of 3rd period - Puck is out of play.
14:48 of 3rd period - Craig Smith wins face-off versus Oskar Osala in Harfangs zone.
15:23 of 3rd period - Off-side.
15:24 of 3rd period - Craig Smith wins face-off versus Patrick O'Sullivan in neutral zone.
15:31 of 3rd period - Snap shot by Craig Smith.
15:31 of 3rd period - Stopped by Justin Pogge with a rebound.
15:53 of 3rd period - Off-side.
15:54 of 3rd period - Calle Jarnkrok wins face-off versus Patrick O'Sullivan in neutral zone.
16:29 of 3rd period - Wrist shot by Peter Olvecky.
16:29 of 3rd period - Deflect By Emerson Etem.
16:29 of 3rd period - Shot Blocked by Tomas Kudelka.
16:29 of 3rd period - Puck is out of play.
16:30 of 3rd period - Brock Nelson wins face-off versus Oskar Osala in Ice Dragons zone.
16:43 of 3rd period - Snap shot by Oskar Osala.
16:43 of 3rd period - Stopped by Mark Visentin without a rebound.
16:44 of 3rd period - Craig Smith wins face-off versus Patrick O'Sullivan in Harfangs zone.
17:39 of 3rd period - Wrist shot by Niklas Sundstrom.
17:39 of 3rd period - Shot Blocked by Dylan Olsen.
17:57 of 3rd period - Wrist shot by Oskar Osala.
17:57 of 3rd period - Stopped by Mark Visentin without a rebound.
17:58 of 3rd period - Cal Clutterbuck wins face-off versus Petri Kontiola in Harfangs zone.
18:03 of 3rd period - Slapshot by Oskar Osala.
18:03 of 3rd period - Stopped by Mark Visentin with a rebound.
18:05 of 3rd period - Slapshot by Cal Clutterbuck.
18:05 of 3rd period - Stopped by Mark Visentin with a rebound.
18:07 of 3rd period - Snap shot by Cal Clutterbuck.
18:07 of 3rd period - Shot Hit the Post.
18:09 of 3rd period - Wrist shot by Oskar Osala.
18:09 of 3rd period - Stopped by Mark Visentin with a rebound.
18:11 of 3rd period - Wrist shot by Oskar Osala.
18:11 of 3rd period - Shot Misses the Net.
18:13 of 3rd period - Snap shot by Oskar Osala.
18:13 of 3rd period - Deflect By Cal Clutterbuck.
18:13 of 3rd period - Shot Blocked by Kyle Palmieri.
18:13 of 3rd period - Puck is out of play.
18:14 of 3rd period - Craig Smith wins face-off versus Michael Latta in Harfangs zone.
18:42 of 3rd period - Wrist shot by Patrick O'Sullivan.
18:42 of 3rd period - Stopped by Mark Visentin with a rebound.
18:52 of 3rd period - Harfangs, Mark Visentin is pulled from the net.
19:24 of 3rd period - Snap shot by Oskar Osala.
19:24 of 3rd period - Shot Misses the Net.
19:26 of 3rd period - Slapshot by Patrick O'Sullivan.
19:26 of 3rd period - Goal by Patrick O'Sullivan - Harfangs : 3 - Ice Dragons : 5.
19:26 of 3rd period - Mark Visentin from Harfangs was sent back in the game.
19:27 of 3rd period - Craig Smith wins face-off versus Patrick O'Sullivan in neutral zone.
19:51 of 3rd period - Patrick O'Sullivan is hit by Dustin Jeffrey and loses puck.
Goals for this period are 1 for Harfangs vs 4 for Ice Dragons.
Shots for this period are 9 for Harfangs vs 24 for Ice Dragons.
Output by the SimonT Hockey Simulator (STHS) for François Prévost -- Original Page W3C XHTML 1.0 Valid